 Dungeon Crawl Stone Soup version 0.30-a0-852-g08b95dd62f (webtiles) character file.

Game seed: 724606755063369022

21 cforsyth the Digger (level 2, 0/15 HPs)
             Began as a Deep Elf Earth Elementalist on Mar 5, 2023.
             Slain by a jackal (1 damage)
             ... on level 1 of the Dungeon.
             The game lasted 00:01:32 (502 turns).

cforsyth the Digger (Deep Elf Earth Elementalist)    Turns: 502, Time: 00:01:32

Health: 0/15       AC:  2    Str:  5    XL:     2   Next: 65%
Magic:  1/8        EV: 13    Int: 19    God:
Gold:   10         SH:  0    Dex: 15    Spells: 6/7 levels left

rFire   . . .      SeeInvis .    (no weapon)
rCold   . . .      Faith    .    (no shield)
rNeg    . . .      Spirit   .    a - +0 robe
rPois   .          Reflect  .    (no helmet)
rElec   .          Rampage  .    (no cloak)
rCorr   .                        (no gloves)
Will    .....                    (no boots)
Stlth   ++                       (no amulet)
HPRegen 0.22/turn                (no ring)
MPRegen 0.11/turn                (no ring)

@: very slightly contaminated
A: no striking features
a: no special abilities


You were on level 1 of the Dungeon.
You visited 1 branch of the dungeon, and saw 1 of its levels.

You collected 10 gold pieces.

Inventory:

Armour
 a - a +0 robe (worn)
Potions
 b - a potion of magic
 c - a potion of might {unknown}


   Skills:
 + Level 2.9 Dodging
 + Level 3.0 Stealth
 + Level 3.4 Spellcasting
 - Level 1.1 Transmutations
 + Level 3.6 Earth Magic


You had 6 spell levels left.
You knew the following spells:

 Your Spells              Type           Power      Damage    Failure   Level
a - Sandblast             Erth           32%        2d9       3%          1

Your spell library contained the following spells:

 Spells                   Type           Power      Damage    Failure   Level
 Passwall                 Tmut/Erth      10%        N/A       9%          2
 Stone Arrow              Conj/Erth      20%        3d8       22%         3
 Petrify                  Tmut/Erth      12%        N/A       50%         4


Dungeon Overview and Level Annotations

Branches:
Dungeon (1/15)

Altars:


Message History

You can't see any susceptible monsters within range! (Use Z to cast anyway.) 2 jackals come into view.
There are monsters nearby!
There are monsters nearby!
There are monsters nearby!
A jackal comes into view.
A jackal comes into view.
Found a triangular golden amulet.
The blast of sand hits the jackal!
You kill the jackal!
Your Stealth skill increases to level 3!
The blast of sand hits the jackal.
The jackal is moderately wounded.
The jackal barks! x2
A quokka comes into view.
The blast of sand hits the jackal.
The jackal is almost dead.
The jackal barks!
The blast of sand misses the jackal.
The jackal bites you. x2
The jackal closely misses you. The jackal bites you.
You miscast Sandblast.
You are very lightly contaminated with residual magic.
Nothing appears to happen.
The jackal bites you. The jackal closely misses you. The jackal bites you.
The blast of sand hits the jackal.
You kill the jackal!
The jackal barely misses you. x2; The jackal misses you.
The jackal barely misses you.
The blast of sand misses the quokka.
The jackal closely misses you. The jackal barely misses you.
The quokka completely misses you. The jackal bites you. x2
The blast of sand misses the quokka.
The jackal bites you. x2
The quokka closely misses you. The jackal closely misses you.
The jackal barely misses you. The quokka bites you.
* * * LOW HITPOINT WARNING * * *
You are too injured to fight recklessly!
You are too injured to fight recklessly!
The jackal attacks as you move away! The jackal barely misses you.
The jackal completely misses you. The jackal bites you.
You die...

..#.##......###....##.#
..#....##.............#
..##...##......########
..##...........# ##.
..##..#######.#######....
...........##..........#.
##..........##...r...†...
#...........##...h.....#
.#..........###.@h.....#
##..............###......
...........#...........##
...........#.#......#....
##...............#..#....
#......................".
.#...............#.##. ..
##.................#
...........###.....#


You could see a quokka and 2 jackals.

Vanquished Creatures
  A dart slug (D:1)
  2 bats (D:1)
  An endoplasm (D:1)
  A goblin (D:1)
  A hobgoblin (D:1)
  2 jackals (D:1)
  2 quokkas (D:1)
  2 ball pythons (D:1)
  A frilled lizard (D:1)
  3 kobolds (D:1)
  A rat (D:1)
17 creatures vanquished.

Notes
Turn   | Place    | Note
-------+----------+-------------------------------------------
     0 | D:1      | cforsyth the Deep Elf Earth Elementalist began the quest
                  | for the Orb.
     0 | D:1      | Reached XP level 1. HP: 10/10 MP: 6/6
   244 | D:1      | Reached XP level 2. HP: 15/15 MP: 4/8
   502 | D:1      | Slain by a jackal

Illustrated notes

Levels and vault maps discovered:
D:1:      amcnicky_arrival_double_pillar, layout_basic, nicolae_eternal_life,
          minmay_misc_feat_room

Skill      XL: |  1  2 |
---------------+-------+-----
Stealth        | 3 |  3.0
Dodging        | |  2.9
Spellcasting   | |  3.4
Transmutations | |  1.1
Earth Magic    | |  3.6

Action                     || total
---------------------------++-------
   Cast: Sandblast         ||    29
  Dodge: Dodged            ||    20

Table legend: (Time is in decaauts)
 A = Elapsed time spent in this place.
 B = Non-inter-level travel time spent in this place.
 C = Inter-level travel time spent in this place.
 D = Time resting spent in this place.
 E = Time spent auto-exploring this place.
 F = Levels seen in this place.
 G = Mean time per level.
                   A        B        C        D        E       F      G
               +--------+--------+--------+--------+--------+-----+--------+
         Total |    516 |    516 |      0 |      0 |    433 |   1 |  516.0 |
       Dungeon |    516 |    516 |      0 |      0 |    433 |   1 |  516.0 |
               +--------+--------+--------+--------+--------+-----+--------+

Top non-repeatable levels by time:
     D:1: 516 daAuts
